 Dungeon Crawl Stone Soup version 0.30-a0-174-gbc10bd73c2 (webtiles) character file.

Game seed: 6009224615160868541

464 qw the Chopper (level 7, -3/44 HPs)
             Began as a Gargoyle Fighter on Oct 1, 2022.
             Slain by a gnoll
             ... wielding a +0 spear
             ... led by a gnoll bouda
              (4 damage)
             ... on level 5 of the Dungeon.
             The game lasted 00:01:35 (4037 turns).

qw the Chopper (Gargoyle Fighter)                   Turns: 4037, Time: 00:01:36

Health: -3/44      AC: 17    Str: 22    XL:     7   Next: 8%
Magic:  7/7        EV:  6    Int:  8    God:
Gold:   3          SH:  4    Dex:  9    Spells: 6/6 levels left

rFire   . . .      SeeInvis .    Y - +0 war axe
rCold   . . .      Faith    .    c - +0 buckler
rNeg    + . .      Spirit   .    j - +0 plate armour
rPois   inf        Reflect  .    (no helmet)
rElec   +          Harm     .    (no cloak)
rCorr   .          Rampage  .    (no gloves)
Will    .....                    k - +0 pair of boots
Stlth   ..........               (no amulet)
HPRegen 0.27/turn                (no ring)
MPRegen 0.10/turn                (no ring)

@: about to teleport, weakened
A: sickness immunity, AC +4, negative energy resistance 1, electricity
resistance, torment resistance 1, petrification resistance
a: no special abilities


You were on level 5 of the Dungeon.
You visited 1 branch of the dungeon, and saw 5 of its levels.

You collected 253 gold pieces.
You spent 250 gold pieces at shops.


Innate Abilities, Weirdness & Mutations

You are immune to sickness and miasma.
Your stone body is resilient. (AC +4)
You are immune to poison.
You resist negative energy. (rN+)
You are resistant to electric shocks. (rElec)
You are resistant to unholy torment.
You are immune to petrification.


   Skills:
 - Level 4.4 Fighting
 + Level 6.0 Axes
 - Level 4.0 Armour
 - Level 3.2 Shields


You had 6 spell levels left.
You didn't know any spells.
Your spell library was empty.

Inventory:

Hand Weapons
 e - a +1 vorpal mace
 Y - a +0 war axe (weapon)
Armour
 c - a +0 buckler (worn)
 j - a +0 plate armour (worn)
 k - a +0 pair of boots (worn)
Scrolls
 a - 3 scrolls of teleportation
 b - 3 scrolls of identify
Potions
 d - a potion of might
 f - a potion of cancellation
 g - a potion of invisibility {unknown}
 h - a potion of mutation {unknown}
 i - 6 potions of curing
 l - a potion of flight {unknown}
 m - a potion of heal wounds {unknown}
 n - a potion of haste

Dungeon Overview and Level Annotations

Branches:
Dungeon (5/15)
 Temple: D:4-7

Altars:
Uskayaw
Wu Jian
Zin

Shops:
D:4 *   D:5 !

Annotations:
D:4 1 runed translucent door, Crazy Yiuf


Message History

You block the gnoll's attack.
You hit the gnoll.
The gnoll is heavily wounded.
You hit the gnoll bouda.
The gnoll bouda hits you but does no damage.
The gnoll hits you but does no damage. x2
You closely miss the gnoll.
The gnoll is heavily wounded.
You hit the gnoll bouda but do no damage.
The gnoll hits you but does no damage. The gnoll bouda barely misses you.
The gnoll hits you from afar with a +0 spear!
You barely miss the gnoll.
The gnoll is heavily wounded.
You barely miss the gnoll bouda. The gnoll closely misses you.
The gnoll bouda calls upon its god to heal the gnoll.
The gnoll's wounds heal themselves!
The gnoll hits you but does no damage. x3
The gnoll bouda barely misses you.
You hit the gnoll bouda.
The gnoll bouda is moderately wounded.
You hit the gnoll but do no damage. You block the gnoll bouda's attack.
The gnoll hits you with a +0 spear. The gnoll hits you but does no damage.
4035 ||| READING 4 scrolls of teleportation.
As you read the scroll of teleportation, it crumbles to dust.
You feel strangely unstable. The gnoll hits you with a +0 spear.
The gnoll bouda barely misses you.
The gnoll hits you from afar with a +0 spear.
You closely miss the gnoll bouda.
The gnoll bouda is moderately wounded.
You hit the gnoll.
The gnoll bouda gazes fiercely through you!
You feel your attacks grow feeble.
The gnoll bouda hits you with a +0 whip.
The gnoll hits you but does no damage. You block the gnoll's attack.
You barely miss the gnoll.
The gnoll is heavily wounded.
You barely miss the gnoll bouda. You block the gnoll bouda's attack.
The gnoll hits you with a +0 spear.
You die...

..##.........##...###
...+.........'......#
...##.......##......#
....#..%....#.......#
....####'####.......+
....#.......#.......#
...##.......##......#
...'.........+......#
..##.........##)@g###
#.#...........#.#g#
#####.......#####g..
....#+#...#+# .....
####..##### .......
....... .......
....... #


You could see a gnoll bouda and 2 gnolls.

Vanquished Creatures
  3 scorpions (D:4)
  An orc priest (D:5)
  A hound (D:5)
  An iguana (D:4)
  An orc wizard (D:5)
  2 gnolls (D:5)
  5 adders
  A white imp (D:5)
  An ufetubus (D:4)
  2 worms
  3 dart slugs
  An orc (D:5)
  14 ball pythons
  9 endoplasms
  5 giant cockroaches
  8 goblins
  11 hobgoblins
  3 jackals
  5 kobolds
  2 quokkas
  11 bats
  4 frilled lizards
  5 rats
99 creatures vanquished.

Notes
Turn   | Place    | Note
-------+----------+-------------------------------------------
     0 | D:1      | qw the Gargoyle Fighter began the quest for the Orb.
     0 | D:1      | Reached XP level 1. HP: 14/14 MP: 1/1
     0 | D:1      | 0 ||| qw: Version: 0.2-a-13-gfc7b4b4
     0 | D:1      | 0 ||| qw: Game counter: 1914
     0 | D:1      | 0 ||| qw: Always use a shield: true
     0 | D:1      | 0 ||| qw: God list: Okawaru
     0 | D:1      | 0 ||| qw: Allow faded altars: false
     0 | D:1      | 0 ||| qw: Do Orc after D:15 true
     0 | D:1      | 0 ||| qw: Do second Lair branch before Depths: true
     0 | D:1      | 0 ||| qw: Lair rune preference: random
     0 | D:1      | 0 ||| qw: Plans: Normal, Zot:1-4, God:TSO, Crypt, Tomb,
                  | Pan, Slime:5, Hells, Abyss, Orb
     0 | D:1      | 0 ||| PLANNING D:1-11
    82 | D:1      | Reached skill level 2 in Axes
   172 | D:1      | Reached XP level 2. HP: 12/19 MP: 2/2
   465 | D:1      | Reached skill level 3 in Axes
   501 | D:1      | Reached XP level 3. HP: 23/23 MP: 3/3
   932 | D:1      | 932 ||| UPGRADING to +0 chain mail.
   942 | D:1      | 942 ||| DROPPING +0 scale mail.
   943 | D:1      | 943 ||| UPGRADING to +0 plate armour.
   953 | D:1      | 953 ||| DROPPING +0 chain mail.
   954 | D:1      | 954 ||| UPGRADING to +0 pair of boots.
   959 | D:1      | 959 ||| READING 2 scrolls labelled ESAMMY NIRE.
   963 | D:1      | 963 ||| READING scroll labelled CETUOT GYECEY.
  1142 | D:2      | 1142 ||| Stepping ~*~*~tactically~*~*~ (stealth).
  1148 | D:2      | 1148 ||| Stepping ~*~*~tactically~*~*~ (stealth).
  1153 | D:2      | 1153 ||| Stepping ~*~*~tactically~*~*~ (stealth).
  1154 | D:2      | 1154 ||| Stepping ~*~*~tactically~*~*~ (stealth).
  1190 | D:2      | Found a glowing silver altar of Zin.
  1203 | D:2      | 1203 ||| Stepping ~*~*~tactically~*~*~ (stealth).
  1204 | D:2      | 1204 ||| Stepping ~*~*~tactically~*~*~ (stealth).
  1439 | D:2      | 1439 ||| DROPPING +0 whip.
  1451 | D:2      | 1451 ||| Stepping ~*~*~tactically~*~*~ (stealth).
  1831 | D:2      | Reached XP level 4. HP: 22/28 MP: 4/4
  1973 | D:3      | Reached skill level 4 in Axes
  2137 | D:3      | 2137 ||| Stepping ~*~*~tactically~*~*~ (hiding).
  2213 | D:3      | 2213 ||| Stepping ~*~*~tactically~*~*~ (stealth).
  2468 | D:3      | Found a hide-covered altar of Uskayaw.
  2476 | D:3      | 2476 ||| Stepping ~*~*~tactically~*~*~ (stealth).
  2482 | D:3      | 2482 ||| Stepping ~*~*~tactically~*~*~ (stealth).
  2728 | D:3      | 2728 ||| READING scroll labelled DAGISMOACH.
  2729 | D:3      | 2729 ||| READING scroll labelled KUL WURPHAN.
  2730 | D:3      | 2730 ||| READING 3 scrolls of identify.
  2730 | D:3      | 2730 ||| IDENTIFYING dark potion
  2731 | D:3      | 2731 ||| READING 2 scrolls of identify.
  2731 | D:3      | 2731 ||| IDENTIFYING glowing golden potion
  2732 | D:3      | 2732 ||| DROPPING potion of berserk rage.
  2743 | D:4      | 2743 ||| STAIRDANCE
  2872 | D:4      | Noticed a scorpion
  2880 | D:4      | Killed a scorpion
  2881 | D:4      | Reached skill level 5 in Axes
  2881 | D:4      | Reached XP level 5. HP: 25/32 MP: 5/5
  2906 | D:4      | Identified the +10 short sword of Demand {vorpal, Dex+2}
  2940 | D:4      | Found Geposmun's Elemental Accessories.
  2985 | D:4      | 2985 ||| Stepping ~*~*~tactically~*~*~ (hiding).
  2988 | D:4      | 2988 ||| Stepping ~*~*~tactically~*~*~ (hiding).
  2989 | D:4      | 2989 ||| Stepping ~*~*~tactically~*~*~ (hiding).
  3020 | D:4      | Reached XP level 6. HP: 33/39 MP: 6/6
  3369 | D:4      | Found an ornate altar of the Wu Jian Council.
  3615 | D:4      | Found a runed translucent door.
  3616 | D:4      | Noticed Crazy Yiuf
  3717 | D:4      | 3717 ||| DRINKING 2 metallic emerald potions.
  3818 | D:4      | 3818 ||| DRINKING 2 ruby potions.
  3819 | D:4      | 3819 ||| DROPPING potion of ambrosia.
  3846 | D:5      | Entered Level 5 of the Dungeon
  3939 | D:5      | Found Ginle's Distillery.
  3947 | D:5      | 3947 ||| BUYING 2 potions of curing (60 gold).
  3947 | D:5      | Bought 2 potions of curing for 60 gold pieces
  3947 | D:5      | 3947 ||| BUYING potion of curing (30 gold).
  3947 | D:5      | Bought a potion of curing for 30 gold pieces
  3947 | D:5      | 3947 ||| BUYING potion of curing (30 gold).
  3947 | D:5      | Bought a potion of curing for 30 gold pieces
  3947 | D:5      | 3947 ||| BUYING potion of curing (30 gold).
  3947 | D:5      | Bought a potion of curing for 30 gold pieces
  3947 | D:5      | 3947 ||| BUYING potion of haste (100 gold).
  3947 | D:5      | Bought a potion of haste for 100 gold pieces
  3947 | D:5      | 3947 ||| SHOPLISTING potion of heal wounds (50 gold, have
                  | 3).
  3947 | D:5      | 3947 ||| SHOPLISTING potion of might (40 gold, have 3).
  4005 | D:5      | 4005 ||| Stepping ~*~*~tactically~*~*~ (hiding).
  4018 | D:5      | Reached skill level 6 in Axes
  4020 | D:5      | 4020 ||| Stepping ~*~*~tactically~*~*~ (hiding).
  4024 | D:5      | Reached XP level 7. HP: 22/44 MP: 7/7
  4034 | D:5      | HP: 6/44 [gnoll/+0 spear[a gnoll bouda] (6)]
  4035 | D:5      | 4035 ||| READING 4 scrolls of teleportation.
  4035 | D:5      | HP: 2/44 [gnoll/+0 spear[a gnoll bouda] (2)]
  4037 | D:5      | Slain by a gnoll

Levels and vault maps discovered:
D:1:      beargit_arrival_diablo_church, layout_basic,
          chequers_serial_rivers_small_b
D:2:      layout_basic, basic_altar
D:3:      layout_loops_corners, nicolae_overflow_crystal_walls
D:4:      layout_basic, marbit_many_paths, nicolae_elemental_shop,
          grunt_ministairs_2, uniq_crazy_yiuf_cottage
D:5:      nicolae_cairo_tiling_very_big, layout_loops_ring, serial_shops,
          nicolae_square_shop, nicolae_elevator_lobby_plus

Skill      XL: |  1  2  3  4  5  6  7 |
---------------+----------------------+-----
Axes           | 2 3 5 6 |  6.0
Fighting       | 4 |  4.4
Armour         | 4 |  4.0
Shields        | |  3.2

Action                   |  1- 3 |  4- 6 |  7- 9 || total
-------------------------+-------+-------+-------++-------
Melee: War axe           |   147 |   164 |    12 ||   323
  Use: Scroll            |     2 |     4 |     1 ||     7
       Potion            |       |     2 |       ||     2
Armor: Scale mail        |    50 |       |       ||    50
       Plate armour      |    27 |   131 |    19 ||   177
Dodge: Dodged            |    59 |    54 |     8 ||   121
Block: Buckler           |    24 |    27 |     4 ||    55

Table legend:
 A = Non-vault XP
 B = Vault XP
 C = Vault XP percentage of total XP
 D = Non-vault monster count
 E = Vault monster count
 F = Vault count percentage of total count
                 A         B        C        D         E       F
            +---------+---------+-------+---------+---------+-------
      Total |     573 |      91 |  13.7 |      96 |       3 |   3.0
            +---------+---------+-------+---------+---------+-------
        D:1 |      46 |       0 |   0.0 |      29 |       0 |   0.0
        D:2 |      37 |       0 |   0.0 |      19 |       0 |   0.0
        D:3 |      63 |       0 |   0.0 |      22 |       0 |   0.0
        D:4 |     269 |      91 |  25.3 |      19 |       3 |  13.6
        D:5 |     158 |       0 |   0.0 |       7 |       0 |   0.0
            +---------+---------+-------+---------+---------+-------
